Match 38709935
Unlisted

Match 38709935
End
Panzerpioneer Squad
Panzergrenadier Squad
250 Light Carrier
250 Light Carrier
Construct Light Support Kompanie
Construct Mechanized Kompanie
Combat Half-tracks
Support Armor Elements
Panzerjäger Mechanized Group
StuG III D Assault Gun
Emergency Repair Kits
Vehicle Survival Package
Selects Armored Support Battlegroup
Selects Salvage Kits
Selects Panzer Storm
StuG III D Assault Gun
Marder III Tank Destroyer
Selects Veteran Gunners
Rapid Advance
Advanced Field Repairs
Construct Panzerarmee Kommand
Panzer III L Medium Tank
AI Takeover
blackbirddayo
Hanzawilhelm Longbowman of Crécy
FeriG
PAX AJAX
0
0

Comments sign in to comment!

No comments posted yet!